 Dungeon Crawl Stone Soup version 0.20-a0-313-g10ed074 (webtiles) character file.

3625 Leibowitz the Nimble (level 9, 0/71 HPs)
             Began as a Demigod Gladiator on Dec 20, 2016.
             Slain by an ogre
             ... wielding a +0 giant spiked club
              (26 damage)
             ... on level 8 of the Dungeon.
             The game lasted 00:27:33 (8509 turns).

Leibowitz the Nimble (Demigod Gladiator)            Turns: 8509, Time: 00:27:34

Health: 0/71       AC:  7    Str: 20    XL:     9   Next: 57%
Magic:  12/12      EV: 18    Int: 12    God:
Gold:   331        SH:  0    Dex: 20    Spells: 8/8 levels left

rFire  . . .     SeeInvis .     a - +3 dagger (venom)
rCold  . . .     Gourm    .     g - +3 leather armour
rNeg   + . .     Faith    .     (no shield)
rPois  .         Spirit   .     (helmet restricted)
rElec  .         Reflect  .     (no cloak)
rCorr  .         Harm     .     (no gloves)
MR     .....                    (no boots)
Stlth  ++........               (no amulet)
                                n - ring of loudness (curse)
                                i - ring of positive energy

@: no status effects
A: antennae 1, high mp 1, shaggy fur 1, slow regeneration 1, evolution 1
a: no special abilities


You were on level 8 of the Dungeon.
You were very hungry.

You visited 1 branch of the dungeon, and saw 8 of its levels.

You collected 331 gold pieces.

Inventory:

Hand Weapons
 a - a +3 dagger of venom (weapon)
 m - a +0 rapier
Missiles
 r - 51 poisoned needles
 z - 2 throwing nets (quivered)
Armour
 c - a +1 helmet
 g - a +3 leather armour (worn)
 o - a +2 robe of the Archmagi
Jewellery
 i - a ring of positive energy (left hand)
 n - a cursed ring of loudness (right hand)
Wands
 x - a wand of lightning (10/15)
 B - a wand of iceblast (0/15)
 C - a wand of enslavement (5/24)
Scrolls
 b - 3 scrolls of amnesia
 e - 2 scrolls of immolation
 p - a scroll of enchant weapon
 q - 6 scrolls of identify
 s - 2 scrolls of teleportation
 t - 2 scrolls of remove curse
 w - a scroll of fog
 y - a scroll of blinking
 A - a scroll of recharging
Potions
 u - a potion of curing
 v - 2 potions of might
 D - 2 potions of agility
Books
 d - a book of Debilitation

   Spells                             Type                      Level
   a - Corona                         Hexes                        1
   b - Slow                           Hexes                        2
   c - Gell's Gravitas                Hexes/Translocation          3
   d - Inner Flame                    Hexes/Fire                   3
   e - Cause Fear                     Hexes                        4
   f - Leda's Liquefaction            Hexes/Earth                  4
Comestibles
 f - 7 bread rations
 j - 2 slices of pizza
 k - 12 meat rations
 l - a beef jerky


   Skills:
 + Level 4.2 Fighting
 + Level 7.4 Short Blades
 + Level 1.8 Throwing
 + Level 4.0 Armour
 * Level 8.0 Dodging
 * Level 5.7 Stealth
 + Level 1.0 Evocations


You had 8 spell levels left.
You didn't know any spells.

Dungeon Overview and Level Annotations

Branches:
Dungeon (8/15)             Temple (0/1) D:6
   Lair: D:8-11

Shops:
D:7 *

Annotations:
D:3 Junicave's ghost, amateur GrEE
D:4 GordonOverkill's ghost, amateur DECj
D:5 Junicave's ghost, novice GrEE


Innate Abilities, Weirdness & Mutations

You have an increased reservoir of magic. (+10% MP)
You have a pair of small antennae on your head.
You are covered in fur. (AC +1)
You regenerate slowly when monsters are visible.
You evolve.


Message History

The electric eel shoots out a bolt of lightning at you!
The bolt of electricity hits you!
You closely miss the electric eel.
The electric eel is severely wounded.
You barely miss the electric eel.
The electric eel is almost dead.
You hit the electric eel.
The electric eel is almost dead.
The ogre misses you.
You closely miss the electric eel.
The electric eel is almost dead.
You kill the electric eel!
You completely miss the ogre.
The ogre hits you with a giant spiked club!!
* * * LOW HITPOINT WARNING * * *
You feel much better.
You hit the electric eel.
The electric eel is lightly wounded.
The ogre hits you with a giant spiked club!!
You die...

...####†########
......#†...#
......#....#
......#....#
......'....#
....###....# #####
####.##
#####..############
.....≈≈≈≈≈≈.@O..≈.≈#
≈≈≈≈≈≈≈≈≈≈≈≈≈;≈≈≈≈.#
.≈♣♣♣≈.≈♣♣♣≈.≈♣♣♣≈≈#
≈ ♣≈≈≈♣ ♣≈.≈♣ ≈#
♣≈≈≈♣ ♣≈≈≈♣ # ≈≈≈≈≈≈
≈≈≈≈≈≈
≈.≈..≈.≈..≈≈≈≈≈
;≈≈≈≈≈≈≈≈≈.≈≈≈≈


You could see an ogre and an electric eel.

Vanquished Creatures
  Pikel (D:5)
  Sigmund (D:2)
  An orc warrior (D:7)
  4 sky beasts
  2 ice beasts
  A phantom (D:7)
  2 centaurs (D:6)
  3 ogres
  3 bullfrogs
  3 scorpions
  4 killer bees
  2 wights (D:6)
  4 electric eels
  A howler monkey (D:4)
  2 crimson imps
  A quasit (D:6)
  4 hounds
  2 jellies
  An orc wizard (D:6)
  A bullfrog skeleton (D:5)
  4 orc priests
  Terence (D:3)
  An iguana (D:8)
  12 worker ants
  A howler monkey zombie (D:3)
  6 adders
  4 gnolls
  A shadow imp (D:7)
  An ooze (D:1)
  An adder zombie (D:8)
  An adder skeleton (D:6)
  2 worms
  4 dart slugs
  2 leopard geckos
  28 orcs
  8 bats
  8 giant cockroaches
  12 goblins
  12 hobgoblins
  8 jackals (D:4)
  6 quokkas
  A ball python (D:3)
  A ball python skeleton (D:4)
  3 frilled lizards
  12 kobolds
  A quokka zombie (D:6)
  7 rats
  2 butterflies (D:7)
193 creatures vanquished.

Vanquished Creatures (collateral kills)
  A wight (D:6)
1 creature vanquished.

Vanquished Creatures (others)
  A kraken (D:1)
  A ghoul (D:1)
  A draconian (D:1)
  An elf (D:1)
  2 trolls (D:1)
  A human (D:1)
  A dwarf (D:1)
  A slave (D:5)
  An ogre (D:1)
  A centaur (D:1)
  A wight (D:6)
  An orc (D:7)
  6 tentacles (D:1)
19 creatures vanquished.

Grand Total: 213 creatures vanquished

Notes
Turn   | Place    | Note
-------+----------+-------------------------------------------
     0 | D:1      | Leibowitz the Demigod Gladiator began the quest for the Orb.
     0 | D:1      | Reached XP level 1. HP: 17/17 MP: 3/3
     2 | D:1      | Noticed an ogre
     2 | D:1      | Noticed a draconian
     2 | D:1      | Noticed a dwarf
     2 | D:1      | Noticed a ghoul
     2 | D:1      | Noticed a troll
     2 | D:1      | Noticed a troll
     2 | D:1      | Noticed a human
     2 | D:1      | Noticed a kraken
     2 | D:1      | Noticed a vine stalker
     2 | D:1      | Noticed a ghoul
     2 | D:1      | Noticed a centaur
     2 | D:1      | Noticed a minotaur
     2 | D:1      | Noticed an elf
     2 | D:1      | Noticed a ghoul
     2 | D:1      | Noticed a vine stalker
     2 | D:1      | Noticed a ghoul
     2 | D:1      | Killed a human
     3 | D:1      | Killed a troll
     7 | D:1      | Killed a troll
     8 | D:1      | Killed an ogre
    10 | D:1      | Killed a draconian
    10 | D:1      | Killed a ghoul
    12 | D:1      | Killed a centaur
    14 | D:1      | Killed a dwarf
    15 | D:1      | Killed an elf
    15 | D:1      | Killed a kraken
   161 | D:1      | Reached XP level 2. HP: 22/24 MP: 4/4
   207 | D:1      | Reached skill level 3 in Dodging
   682 | D:2      | Reached XP level 3. HP: 24/29 MP: 5/5
   956 | D:2      | Noticed Sigmund
   993 | D:2      | Killed Sigmund
   993 | D:2      | Reached skill level 1 in Armour
   993 | D:2      | Reached skill level 1 in Stealth
   993 | D:2      | Reached XP level 4. HP: 31/36 MP: 6/6
   993 | D:2      | Reached XP level 5. HP: 35/41 MP: 7/7
  1760 | D:3      | Noticed Terence
  1775 | D:3      | Killed Terence
  2028 | D:3      | Noticed Junicave's ghost (amateur GrEE)
  2046 | D:4      | Reached XP level 6. HP: 31/50 MP: 8/8
  2059 | D:4      | Reached skill level 4 in Dodging
  2234 | D:4      | Found a bloodstained altar of Trog.
  2303 | D:4      | Noticed GordonOverkill's ghost (amateur DECj)
  2615 | D:3      | You fall through a shaft for 3 floors!
  2712 | D:5      | Entered Level 5 of the Dungeon
  3147 | D:4      | Reached skill level 5 in Short Blades
  3740 | D:3      | Reached XP level 7. HP: 56/56 MP: 9/9
  4057 | D:5      | Gained mutation: You are covered in fur. (AC +1) [potion of beneficial mutation]
  4059 | D:5      | Gained mutation: You are dopey. (Int -2) [potion of mutation]
  4059 | D:5      | Gained mutation: You evolve. [potion of mutation]
  4059 | D:5      | Gained mutation: You have a pair of small antennae on your head. [potion of mutation]
  4177 | D:5      | Noticed Pikel
  4180 | D:5      | Noticed Junicave's ghost (novice GrEE)
  4213 | D:5      | Killed Pikel
  4213 | D:5      | Reached skill level 5 in Dodging
  4243 | D:4      | Reached XP level 8. HP: 52/63 MP: 10/10
  4664 | D:4      | Gained mutation: You are agile. (Dex +2) [evolution]
  4970 | D:6      | Reached skill level 6 in Dodging
  5577 | D:6      | Found a staircase to the Ecumenical Temple.
  5624 | D:6      | Lost mutation: You are agile. (Dex +2) [potion of mutation]
  5624 | D:6      | Gained mutation: You regenerate slowly when monsters are visible. [potion of mutation]
  6416 | D:7      | Found Zin's Purification Station.
  6423 | D:7      | Found a glowing silver altar of Zin.
  6443 | D:7      | Found a radiant altar of Vehumet.
  6444 | D:7      | Found a shimmering altar of Xom.
  6445 | D:7      | Found a hide-covered altar of Uskayaw.
  6445 | D:7      | Found a white marble altar of Elyvilon.
  6510 | D:7      | Reached skill level 7 in Dodging
  6510 | D:7      | Reached skill level 5 in Stealth
  6523 | D:7      | Found a runed door.
  6525 | D:7      | Found a runed door.
  6532 | D:7      | Reached XP level 9. HP: 70/70 MP: 12/12
  7678 | D:7      | Reached skill level 1 in Evocations
  8256 | D:8      | Lost mutation: You are dopey. (Int -2) [evolution]
  8470 | D:8      | Reached skill level 8 in Dodging
  8509 | D:8      | Slain by an ogre

Vault maps used:
D:1:      nicolae_arrival_kraken_aquarium_b, st_stairs_8, kennysheep_minor_cross
D:2:      first_bread, uniq_sigmund
D:3:      serial_park_tiny_pond, uniq_terence
D:4:      kennysheep_six_static_rooms, trog_hazing_becter
D:5:      cheibrodos_quashed, lemuel_zombie_altar_kikubaaqudgha, uniq_pikel,
          uniq_crazy_yiuf_cottage
D:7:      lemuel_insect_pit, zin_purify,
          chequers_temple_overflow_statue_of_worship, water_maze_lemuel
D:8:      kennysheep_boxes

Skill      XL: |  1  2  3  4  5  6  7  8  9 |
---------------+----------------------------+-----
Dodging        | 3 4 5 7 8 |  8.0
Short Blades   | 3 4 5 6 7 |  7.4
Fighting       | 2 3 4 |  4.2
Armour         | 1 2 3 4 |  4.0
Stealth        | 1 2 3 5 |  5.7
Evocations     | 1 |  1.0
Throwing       | |  1.8

Action                   |  1- 3 |  4- 6 |  7- 9 || total
-------------------------+-------+-------+-------++-------
Melee: Rapier            |    60 |       |       ||    60
       Dagger            |    19 |   222 |   586 ||   827
Throw: Throwing net      |     1 |     1 |     3 ||     5
Evoke: Wand              |       |       |     6 ||     6
  Use: Scroll            |     4 |     3 |     5 ||    12
       Potion            |     4 |     1 |     7 ||    12
 Stab: Sleeping          |       |     1 |     2 ||     3
  Eat: Chunk             |       |     9 |    13 ||    22
       Beef jerky        |       |       |     1 ||     1
Armor: Leather armour    |    14 |    43 |    94 ||   151
Dodge: Dodged            |    48 |   142 |   327 ||   517
